 Dungeon Crawl Stone Soup version 0.30.0-20-g3615ddf2f0 (webtiles) character file.

Game seed: 3510564185909615494

6497 qw the Cleaver (level 11, -1/68 HPs)
             Began as a Gargoyle Fighter on June 1, 2023.
             Was a Priest of Okawaru.
             Killed from afar by an oklob plant (23 damage)
             ... with a splash of acid
             ... on level 1 of the Lair of Beasts.
             The game lasted 00:04:25 (9790 turns).

qw the Cleaver (Gargoyle Fighter)                   Turns: 9790, Time: 00:04:25

Health: -1/68      AC:  8    Str: 23    XL:     11   Next: 0%
Magic:  14/14      EV:  6    Int: 10    God:    Okawaru [***...]
Gold:   232        SH: 10    Dex:  9    Spells: 10/10 levels left

rFire   . . .        Y - +5 war axe
rCold   . . .        g - +0 kite shield
rNeg    + . .        e - +0 plate armour
rPois   inf          o - +1 helmet
rElec   +            k - +0 cloak
rCorr   .            (no gloves)
SInv    +            (no boots)
Will    .....        (no amulet) Stlth
                     i - ring of see invisible
HPRegen 0.31/turn    (no ring)
MPRegen 0.14/turn

%: no passive effects
@: about to teleport, corroded
A: sickness immunity, AC +8, negative energy resistance 1, electricity
resistance, torment resistance 1, petrification resistance
a: Renounce Religion, Heroism


You were on level 1 of the Lair of Beasts.
You worshipped Okawaru.
Okawaru was most pleased with you.
You visited 3 branches of the dungeon, and saw 10 of its levels.

You collected 422 gold pieces.
You spent 190 gold pieces at shops.


Innate Abilities, Weirdness & Mutations

You are immune to sickness and miasma.
Your stone body is resilient. (AC +8)
You are immune to poison.
You resist negative energy. (rN+)
You are resistant to electric shocks. (rElec)
You are resistant to unholy torment.
You are immune to petrification.


   Skills:
 + Level 7.7 Fighting
 - Level 10.0 Axes
 - Level 3.0 Throwing
 - Level 6.3 Armour
 - Level 1.0 Dodging
 - Level 9.0 Shields
 - Level 4.0 Invocations


You had 10 spell levels left.
You didn't know any spells.
Your spell library was empty.

Inventory:

Hand Weapons
 m - a +0 morningstar
 Y - a +5 war axe (weapon)
Missiles
 q - 2 silver boomerangs (quivered)
Armour
 e - a +0 plate armour (worn)
 g - a +0 kite shield (worn)
 k - a +0 cloak (worn)
 o - a +1 helmet (worn)
 p - +0 acid dragon scales
Jewellery
 a - the ring "Mowutis" {Fire rElec}
   (You acquired it on level 2 of the Dungeon)

   [ring of fire]

   It enhances your fire magic.
   rF:        It protects you from fire.
   rC:        It makes you vulnerable to cold.
   rElec:     It insulates you from electricity.
 i - a ring of see invisible (left hand)
Scrolls
 b - 2 scrolls of teleportation
 n - 9 scrolls of identify
Potions
 c - 3 potions of lignification
 d - 4 potions of might
 h - 8 potions of curing
 l - a potion of attraction
 r - 2 potions of haste

Dungeon Overview and Level Annotations

Branches:
Dungeon (8/15)             Temple (1/1) D:6            Lair (1/5) D:8

Altars:
Ashenzari
Cheibriados
Dithmenos
Elyvilon
Fedhas
Gozag
Hepliaklqana
Kikubaaqudgha
Makhleb
Nemelex Xobeh
Okawaru
Ru
Sif Muna
Trog
Uskayaw
Vehumet
Wu Jian
Xom
Yredelemnul
Zin

Shops:
D:4 :(!:

Annotations:
D:4 1 runed translucent door, Crazy Yiuf
D:7 1 runed translucent door, qw's ghost, novice GrFi
Lair:1 exclusion: 4 oklob plants


Message History

Enter note:
Enter note:
Enter note:
Enter note:
Enter note:
Enter note:
Enter note:
Enter note:
Enter note:
Enter note:
Enter note:
Enter note:
Enter note:
Enter note:
Enter note:
Enter note:
Enter note:
Enter note:
Enter note:
Enter note:
Enter note:
Enter note: Really walk into a travel-excluded area?
The oklob plant spits acid at you. The splash of acid hits you!
The acid corrodes you! The oklob plant spits acid at you.
The splash of acid hits you. The acid corrodes you!
There is an open door here.
The oklob plant spits acid at you. The splash of acid hits you!
The acid corrodes you! The oklob plant spits acid at you.
The splash of acid hits you! The oklob plant spits acid at you.
The splash of acid hits you! The acid corrodes you!
9790 ||| READING 3 scrolls of teleportation.
As you read the scroll of teleportation, it crumbles to dust.
You feel strangely unstable. The oklob plant spits acid at you.
The splash of acid hits you!!
You die...

.##.+#.###...............# #.....
.#.#+#.###...............# ######
......................)..########
.........................##..#.##
........#.#.##....###.(..........
........######'#######...........
........#P~~.....~~P##...........
.......##P~.......~P##.....#.....
........#P~.....@.~P##....+......
........#P~.......~P#.....#......
.......##P~.......~P#.....#......
.......##P~~.....~~P#.....#......
........#####...#####.....#......
.......## #>.># ##....#./....
.......###############....#......
.......##.#....#.#........##.##.#
.................................


You could see 4 oklob plants.

Vanquished Creatures
  A cane toad (Lair:1)
  Maggie (D:7)
  A rime drake (Lair:1)
  A komodo dragon (Lair:1)
  A polar bear (Lair:1)
  5 blink frogs (Lair:1)
  Prince Ribbit (D:7)
  2 wyverns
  3 yaks (Lair:1)
  2 vampire mosquitoes (D:8)
  2 wargs (D:8)
  2 water moccasins
  2 orc warriors (D:8)
  3 sky beasts
  2 black bears
  An ogre (D:4)
  A centaur (D:7)
  A kobold brigand (D:6)
  2 phantoms (D:5)
  5 bullfrogs
  3 scorpions
  A gnoll sergeant (D:8)
  2 wights (D:8)
  4 killer bees (D:7)
  A howler monkey (D:6)
  7 hounds
  2 jellies
  4 orc priests
  A sleepcap (D:8)
  4 iguanas
  An orc wizard (D:8)
  Robin (D:4)
  10 gnolls
  5 adders
  2 white imps
  4 worms
  A dart slug (D:3)
  16 orcs
  4 bats
  5 endoplasms
  4 giant cockroaches
  12 goblins
  7 hobgoblins
  6 jackals
  A quokka (D:3)
  6 ball pythons
  5 frilled lizards
  13 kobolds
  5 rats
176 creatures vanquished.

Vanquished Creatures (others)
  A goblin (D:4)
1 creature vanquished.

Grand Total: 177 creatures vanquished

Notes
Turn   | Place    | Note
-------+----------+-------------------------------------------
     0 | D:1      | qw the Gargoyle Fighter began the quest for the Orb.
     0 | D:1      | Reached XP level 1. HP: 14/14 MP: 1/1
     0 | D:1      | 0 ||| qw: Version: 0.2-a-102-gdf20003
     0 | D:1      | 0 ||| qw: Game counter: 706
     0 | D:1      | 0 ||| qw: Always use a shield: true
     0 | D:1      | 0 ||| qw: God list: Okawaru
     0 | D:1      | 0 ||| qw: Allow faded altars: false
     0 | D:1      | 0 ||| qw: Do Orc after D:15 true
     0 | D:1      | 0 ||| qw: Do second Lair branch before Depths: true
     0 | D:1      | 0 ||| qw: Lair rune preference: random
     0 | D:1      | 0 ||| qw: Plans: Normal, Zot:1-4, Slime:5, God:TSO, Crypt,
                  | Tomb, Pan, Hells, Abyss, Win
     0 | D:1      | 0 ||| PLANNING D:1-11
    94 | D:1      | Reached skill level 2 in Axes
   196 | D:1      | Reached XP level 2. HP: 19/19 MP: 2/2
   450 | D:1      | 450 ||| Stepping ~*~*~tactically~*~*~ (stealth).
   725 | D:1      | 725 ||| UPGRADING to +0 plate armour.
   735 | D:1      | 735 ||| DROPPING +0 scale mail.
   736 | D:1      | 736 ||| UPGRADING to ring of see invisible.
   737 | D:1      | 737 ||| READING scroll labelled FUICYD HIECEIGG.
   738 | D:1      | 738 ||| READING scroll labelled EHEEMM HAXITS.
   739 | D:1      | 739 ||| DRINKING 2 pink potions.
   786 | D:2      | 786 ||| Stepping ~*~*~tactically~*~*~ (stealth).
  1015 | D:2      | Reached skill level 3 in Axes
  1045 | D:2      | 1045 ||| Stepping ~*~*~tactically~*~*~ (stealth).
  1168 | D:2      | Reached XP level 3. HP: 23/23 MP: 3/3
  1228 | D:2      | 1228 ||| Stepping ~*~*~tactically~*~*~ (hiding).
  1229 | D:2      | 1229 ||| Stepping ~*~*~tactically~*~*~ (hiding).
  1230 | D:2      | 1230 ||| Stepping ~*~*~tactically~*~*~ (hiding).
  1263 | D:2      | Reached skill level 1 in Throwing
  1429 | D:2      | 1429 ||| READING scroll labelled DAINWUMALOTO.
  1429 | D:2      | Identified a scroll of acquirement
  1429 | D:2      | 1429 ||| ACQUIRING ring "Mowutis" {Fire rElec}
  1429 | D:2      | Acquired the ring "Mowutis" {Fire rElec}
  1431 | D:2      | 1431 ||| READING 2 scrolls labelled ROGOESK BUYPYS.
  1435 | D:2      | 1435 ||| READING scroll labelled EVIRRU HAETE.
  1436 | D:2      | 1436 ||| READING scroll labelled QISHUK SOUPN.
  1437 | D:2      | 1437 ||| READING scroll labelled ZYGGAN WEOFA.
  1519 | D:3      | 1519 ||| UPGRADING to +0 cloak.
  1610 | D:3      | You fall into a shaft and drop 3 floors!
  1627 | D:6      | Reached XP level 4. HP: 25/28 MP: 4/4
  1666 | D:6      | 1666 ||| Stepping ~*~*~tactically~*~*~ (hiding).
  1675 | D:6      | Reached skill level 4 in Axes
  1879 | D:6      | Reached XP level 5. HP: 32/32 MP: 5/5
  1914 | D:6      | Noticed a kobold brigand
  1926 | D:6      | Reached skill level 5 in Axes
  1934 | D:6      | HP: 8/32 [kobold brigand/+0 whip (5)]
  1935 | D:6      | 1935 ||| READING 2 scrolls of teleportation.
  2058 | D:6      | 2058 ||| DROPPING +0 club.
  2060 | D:6      | Found a staircase to the Ecumenical Temple.
  2061 | D:6      | 2061 ||| PLANNING TEMPLE
  2069 | Temple   | Entered the Ecumenical Temple
  2159 | Temple   | 2159 ||| PLANNING OKAWARU WORSHIP
  2314 | Temple   | Became a worshipper of Warmaster Okawaru
  2314 | Temple   | 2314 ||| PLANNING D:1-11
  2370 | D:6      | Reached XP level 6. HP: 38/38 MP: 6/6
  2388 | D:6      | Reached * piety under Okawaru
  2439 | D:6      | Noticed a water moccasin
  2459 | D:6      | Killed a water moccasin
  2460 | D:6      | Reached skill level 6 in Axes
  2460 | D:6      | Reached XP level 7. HP: 25/43 MP: 7/7
  2581 | D:6      | Reached skill level 1 in Invocations
  2634 | D:6      | 2634 ||| UPGRADING to +0 kite shield.
  2644 | D:6      | 2644 ||| DROPPING +0 buckler.
  2645 | D:6      | 2645 ||| READING scroll labelled UMUKLINKIE.
  2646 | D:6      | 2646 ||| READING scroll labelled YQISUC HEATUXA.
  2654 | D:6      | 2654 ||| STAIRDANCE
  2655 | D:5      | Entered Level 5 of the Dungeon
  2666 | D:5      | 2666 ||| INVOKING Heroism.
  2680 | D:5      | 2680 ||| INVOKING Heroism.
  2751 | D:4      | Found Omnisa's Antique Weapon Shoppe.
  2759 | D:4      | 2759 ||| SHOPLISTING glowing hand axe (168 gold, have 125).
  2770 | D:4      | Found a runed translucent door.
  2771 | D:4      | Noticed Crazy Yiuf
  2968 | D:3      | 2968 ||| INVOKING Heroism.
  3194 | D:3      | Reached skill level 3 in Invocations
  3444 | D:3      | 3444 ||| Stepping ~*~*~tactically~*~*~ (hiding).
  3565 | D:3      | Found a hazy altar of Hepliaklqana.
  3613 | D:3      | 3613 ||| DRINKING 2 puce potions.
  3653 | D:3      | 3653 ||| DRINKING 2 green potions.
  3654 | D:3      | 3654 ||| READING 2 scrolls of identify.
  3654 | D:3      | 3654 ||| IDENTIFYING viscous cyan potion
  3701 | D:4      | 3701 ||| DROPPING +0 whip.
  3833 | D:4      | 3833 ||| Stepping ~*~*~tactically~*~*~ (hiding).
  3836 | D:4      | Noticed Robin
  3837 | D:4      | 3837 ||| INVOKING Heroism.
  3846 | D:4      | Killed Robin
  3858 | D:4      | 3858 ||| INVOKING Heroism.
  3917 | D:4      | Found Kyih's Book Emporium.
  4027 | D:4      | Found Hizy's Distillery.
  4045 | D:4      | 4045 ||| BUYING 2 potions of curing (60 gold).
  4045 | D:4      | Bought 2 potions of curing for 60 gold pieces
  4045 | D:4      | 4045 ||| BUYING potion of curing (30 gold).
  4045 | D:4      | Bought a potion of curing for 30 gold pieces
  4045 | D:4      | 4045 ||| BUYING potion of haste (100 gold).
  4045 | D:4      | Bought a potion of haste for 100 gold pieces
  4045 | D:4      | 4045 ||| SHOPLISTING potion of lignification (30 gold, have
                  | 7).
  4045 | D:4      | 4045 ||| SHOPLISTING potion of might (40 gold, have 7).
  4099 | D:4      | Reached XP level 8. HP: 48/48 MP: 10/10
  4151 | D:4      | Found a sparkling altar of Nemelex Xobeh.
  4156 | D:4      | 4156 ||| Stepping ~*~*~tactically~*~*~ (stealth).
  4158 | D:4      | 4158 ||| Stepping ~*~*~tactically~*~*~ (stealth).
  4160 | D:4      | 4160 ||| INVOKING Heroism.
  4396 | D:4      | Found Qupoab's Book Boutique.
  4557 | D:4      | 4557 ||| UPGRADING to +0 helmet.
  4562 | D:4      | 4562 ||| READING scroll labelled BIROITIOPP.
  4563 | D:4      | 4563 ||| DRINKING 2 bubbling blue potions.
  4564 | D:4      | 4564 ||| DRINKING 7 potions of curing.
  4564 | D:4      | 4564 ||| (to cure confusion)
  4565 | D:4      | 4565 ||| DROPPING potion of ambrosia.
  4614 | D:5      | Reached skill level 6 in Shields
  4676 | D:5      | Identified the +5 mace "Bung" {holy, *Noise rC- Dex+5}
  4678 | D:5      | 4678 ||| DROPPING +5 mace "Bung" {holy, *Noise rC- Dex+5}.
  4694 | D:5      | 4694 ||| Stepping ~*~*~tactically~*~*~ (stealth).
  4695 | D:5      | 4695 ||| Stepping ~*~*~tactically~*~*~ (stealth).
  4699 | D:5      | 4699 ||| Stepping ~*~*~tactically~*~*~ (stealth).
  4723 | D:5      | 4723 ||| Stepping ~*~*~tactically~*~*~ (stealth).
  4724 | D:5      | 4724 ||| Stepping ~*~*~tactically~*~*~ (stealth).
  4725 | D:5      | 4725 ||| Stepping ~*~*~tactically~*~*~ (stealth).
  4733 | D:5      | 4733 ||| INVOKING Heroism.
  5107 | D:5      | Found a glowing silver altar of Zin.
  5187 | D:5      | 5187 ||| Stepping ~*~*~tactically~*~*~ (stealth).
  5220 | D:5      | Found an ornate altar of the Wu Jian Council.
  5229 | D:5      | Found a broken altar of Ashenzari.
  5230 | D:5      | 5230 ||| READING scroll labelled VITSUI CYCLAEZ.
  5231 | D:5      | 5231 ||| READING scroll labelled VEPUAMM JASS.
  5232 | D:5      | 5232 ||| DRINKING 2 white potions.
  5233 | D:5      | 5233 ||| DRINKING 2 brown potions.
  5234 | D:5      | 5234 ||| DROPPING potion of brilliance.
  5235 | D:5      | 5235 ||| DROPPING potion of degeneration.
  5299 | D:6      | Found a white marble altar of Elyvilon.
  5435 | D:6      | Found a radiant altar of Vehumet.
  5561 | D:6      | Found a snail-covered altar of Cheibriados.
  5740 | D:7      | Found an ancient bone altar of Kikubaaqudgha.
  5748 | D:7      | Noticed a wyvern
  5755 | D:7      | Killed a wyvern
  5756 | D:7      | Reached skill level 7 in Axes
  5827 | D:7      | Reached XP level 9. HP: 54/54 MP: 12/12
  5863 | D:7      | 5863 ||| Stepping ~*~*~tactically~*~*~ (stealth).
  5894 | D:7      | 5894 ||| Stepping ~*~*~tactically~*~*~ (stealth).
  5903 | D:7      | Reached skill level 1 in Dodging
  5905 | D:7      | Reached ** piety under Okawaru
  5906 | D:7      | 5906 ||| FLEEEEING.
  5909 | D:7      | 5909 ||| FLEEEEING.
  5910 | D:7      | 5910 ||| FLEEEEING.
  5911 | D:7      | 5911 ||| FLEEEEING.
  5912 | D:7      | 5912 ||| FLEEEEING.
  5913 | D:7      | 5913 ||| FLEEEEING.
  5941 | D:7      | Noticed Maggie
  5942 | D:7      | 5942 ||| Stepping ~*~*~tactically~*~*~ (hiding).
  5954 | D:7      | 5954 ||| INVOKING Heroism.
  5957 | D:7      | Killed Maggie
  5958 | D:7      | Reached skill level 3 in Throwing
  6050 | D:7      | 6050 ||| DROPPING +0 heavy flail.
  6059 | D:7      | 6059 ||| Stepping ~*~*~tactically~*~*~ (hiding).
  6182 | D:7      | Noticed Prince Ribbit
  6183 | D:7      | 6183 ||| INVOKING Heroism.
  6204 | D:7      | Killed Prince Ribbit
  6205 | D:7      | Reached skill level 8 in Axes
  6584 | D:7      | Found a runed translucent door.
  6584 | D:7      | Noticed qw's ghost (novice GrFi)
  7018 | D:8      | 7018 ||| Stepping ~*~*~tactically~*~*~ (hiding).
  7019 | D:8      | 7019 ||| Stepping ~*~*~tactically~*~*~ (hiding).
  7021 | D:8      | 7021 ||| Stepping ~*~*~tactically~*~*~ (hiding).
  7022 | D:8      | 7022 ||| INVOKING Heroism.
  7040 | D:8      | 7040 ||| Stepping ~*~*~tactically~*~*~ (hiding).
  7042 | D:8      | Found a staircase to the Lair.
  7046 | D:8      | 7046 ||| INVOKING Heroism.
  7053 | D:8      | Reached skill level 6 in Fighting
  7143 | D:8      | Found an opulent altar of Gozag.
  7146 | D:8      | 7146 ||| INVOKING Heroism.
  7292 | D:8      | 7292 ||| READING scroll of enchant armour.
  7292 | D:8      | 7292 ||| ENCHANTING +0 helmet.
  7335 | D:8      | Reached XP level 10. HP: 61/61 MP: 13/13
  7430 | D:8      | 7430 ||| Stepping ~*~*~tactically~*~*~ (hiding).
  7494 | D:8      | 7494 ||| INVOKING Heroism.
  7497 | D:8      | HP: 13/61 [vampire mosquito (8)]
  7498 | D:8      | 7498 ||| READING 6 scrolls of teleportation.
  7498 | D:8      | HP: 2/61 [wight/+2 halberd (11)]
  7499 | D:8      | 7499 ||| DRINKING potion of heal wounds.
  7510 | D:8      | 7510 ||| INVOKING Heroism.
  7517 | D:8      | HP: 12/61 [sleepcap (5)]
  7518 | D:8      | 7518 ||| READING 5 scrolls of teleportation.
  7992 | D:8      | 7992 ||| Stepping ~*~*~tactically~*~*~ (hiding).
  8093 | D:8      | 8093 ||| SWAPPING to +4 war axe.
  8094 | D:8      | 8094 ||| DROPPING +0 war axe of freezing.
  8241 | D:8      | 8241 ||| PLANNING LAIR
  8241 | D:8      | 8241 ||| DROPPING amulet of magic regeneration.
  8242 | D:8      | 8242 ||| DROPPING ring of magical power.
  8249 | Lair:1   | Entered Level 1 of the Lair of Beasts
  8257 | Lair:1   | Noticed a cane toad
  8258 | Lair:1   | 8258 ||| INVOKING Heroism.
  8265 | Lair:1   | Killed a cane toad
  8266 | Lair:1   | Reached skill level 9 in Axes
  8280 | Lair:1   | Identified the +3 whip of Precise Incision {protect, rN+}
  8305 | Lair:1   | Identified the +3 rapier of Hyuhu {freeze, rC- Str+3 Dex+8
                  | Stlth-}
  8438 | Lair:1   | 8438 ||| Stepping ~*~*~tactically~*~*~ (stealth).
  8439 | Lair:1   | 8439 ||| INVOKING Heroism.
  8452 | Lair:1   | Reached skill level 6 in Armour
  8572 | Lair:1   | 8572 ||| INVOKING Heroism.
  8660 | Lair:1   | 8660 ||| INVOKING Heroism.
  8729 | Lair:1   | Noticed an oklob plant
  8730 | Lair:1   | 8730 ||| FLEEEEING.
  8731 | Lair:1   | 8731 ||| FLEEEEING.
  8777 | Lair:1   | Noticed an oklob plant
  8778 | Lair:1   | 8778 ||| INVOKING Heroism.
  8780 | Lair:1   | 8780 ||| READING scroll labelled KEDOUSAESK.
  9000 | Lair:1   | 9000 ||| Stepping ~*~*~tactically~*~*~ (stealth).
  9009 | Lair:1   | Reached *** piety under Okawaru
  9014 | Lair:1   | Reached skill level 9 in Shields
  9062 | Lair:1   | 9062 ||| INVOKING Heroism.
  9083 | Lair:1   | Reached skill level 10 in Axes
  9085 | Lair:1   | 9085 ||| INVOKING Heroism.
  9095 | Lair:1   | Reached XP level 11. HP: 23/68 MP: 12/14
  9529 | Lair:1   | Noticed an oklob plant
  9529 | Lair:1   | Noticed an oklob plant
  9531 | Lair:1   | HP: 14/68 [oklob plant/splash of acid (10)]
  9532 | Lair:1   | 9532 ||| READING 4 scrolls of teleportation.
  9532 | Lair:1   | HP: 5/68 [oklob plant/splash of acid (10)]
  9790 | Lair:1   | 9790 ||| READING 3 scrolls of teleportation.
  9790 | Lair:1   | Killed from afar by an oklob plant

Levels and vault maps discovered:
D:1:      kilobyte_arrival_exit_the_forest, layout_loops_ring
D:2:      layout_basic
D:3:      layout_basic, mainiacjoe_overflow_alcove_2, kennysheep_generic_room_10
D:4:      layout_basic, mainiacjoe_overflow_paths, serial_shops, shop, shop,
          shop, nicolae_shop_waterfront, uniq_robin, uniq_crazy_yiuf_cottage
D:5:      layout_rooms, mainiacjoe_overflow_catwalk, mainiacjoe_overflow_swirl,
          serial_bayou_pond_c
D:6:      layout_basic, general_overflow_altar, kennysheep_mini_moat,
          nicolae_vehumet_radiance, minmay_temple_entry_proselytizer
D:7:      hellmonk_destroyed_diamonds, layout_basic,
          nicolae_kikubaaqudgha_miasma_corner, gammafunk_ghost_grave,
          st_stairs_3, chequers_arboretum, uniq_prince_ribbit1, uniq_maggie
D:8:      layout_basic, lemuel_crystal_altar, erik_lair_orcish_takeover
Temple:   dpeg_chambers_temple
Lair:1:   dpeg_oklob_gauntlet, layout_regular_city

Skill      XL: |  1  2  3  4  5  6  7  8  9 10 |
---------------+-------------------------------+-----
Axes           | 2 3 4 5 6 7 8 10 | 10.0
Throwing       | 1 3 |  3.0
Fighting       | 4 5 6 7 |  7.7
Invocations    | 3 4 |  4.0
Shields        | 4 6 8 9 |  9.0
Armour         | 4 5 6 |  6.3
Dodging        | 1 |  1.0

Action                     |  1- 3 |  4- 6 |  7- 9 | 10-12 || total
---------------------------+-------+-------+-------+-------++-------
  Melee: War axe           |    86 |    68 |   311 |   148 ||   613
  Throw: Javelin           |    32 |    12 |    29 |     3 ||    76
         Boomerang         |       |       |       |    10 ||    10
 Invoke: Heroism           |       |       |    12 |     9 ||    21
    Use: Scroll            |     7 |     1 |     7 |     5 ||    20
         Potion            |     1 |       |     6 |     1 ||     8
 Armour: Scale mail        |    11 |       |       |       ||    11
         Plate armour      |    49 |    68 |   171 |    86 ||   374
  Dodge: Dodged            |    31 |    38 |    69 |    43 ||   181
  Block: Buckler           |    15 |    22 |       |       ||    37
         Kite shield       |       |       |   134 |    96 ||   230

Table legend:
 A = Non-vault XP
 B = Vault XP
 C = Vault XP percentage of total XP
 D = Non-vault monster count
 E = Vault monster count
 F = Vault count percentage of total count
                 A         B        C        D         E       F
            +---------+---------+-------+---------+---------+-------
      Total |    7841 |    1441 |  15.5 |     155 |      21 |  11.9
            +---------+---------+-------+---------+---------+-------
        D:1 |      18 |       0 |   0.0 |      11 |       0 |   0.0
        D:2 |      32 |       0 |   0.0 |      19 |       0 |   0.0
        D:3 |     119 |      16 |  11.9 |      26 |       2 |   7.1
        D:4 |     248 |      25 |   9.2 |      15 |       6 |  28.6
        D:5 |     642 |       0 |   0.0 |      20 |       0 |   0.0
        D:6 |     705 |      41 |   5.5 |      16 |       1 |   5.9
        D:7 |     991 |     783 |  44.1 |      12 |       4 |  25.0
        D:8 |    1336 |     576 |  30.1 |      21 |       8 |  27.6
     Lair:1 |    3750 |       0 |   0.0 |      15 |       0 |   0.0
            +---------+---------+-------+---------+---------+-------
